 Dungeon Crawl Stone Soup version 0.23.2-33-g5129a83 (webtiles) character file.

Game seed: 11719919902285493861

3687 Gadfly the Basher (level 10, -4/56 HPs)
             Began as a Gargoyle Fighter on July 9, 2019.
             Was a Follower of the Shining One.
             Slain by a death yak (21 damage)
             ... on level 7 of the Dungeon.
             The game lasted 00:20:24 (9117 turns).

Gadfly the Basher (Gargoyle Fighter)                Turns: 9117, Time: 00:20:25

Health: -4/56      AC: 25    Str: 25    XL:     10   Next: 13%
Magic:  12/12      EV:  9    Int: 17    God:    the Shining One [*.....]
Gold:   20         SH:  6    Dex: 11    Spells: 9/9 levels left

rFire    . . .     SeeInvis .   a - +2 dagger (venom)
rCold    + . .     Gourm    .   H - +2 buckler {AC+3}
rNeg     + + .     Faith    .   y - +4 scale mail {rN+}
rPois    ∞         Spirit   .   p - +0 helmet
rElec    +         Reflect  .   j - scarf {rC+ rF+}
rCorr    +         Harm     +   w - +0 pair of gloves
MR       .....     NoTele   +   v - +0 pair of boots
Stlth    ..........             l - amulet of harm
HPRegen  0.18/turn              B - ring of the Lonely Ghosts {-Tele rF- Str+3 Int+7 Dex+2}
MPRegen  0.13/turn              o - ring of resist corrosion

@: glowing
A: negative energy resistance 1, electricity resistance, unbreathing,
petrification resistance, rot immunity, AC +7
a: Renounce Religion


You were on level 7 of the Dungeon.
You worshipped the Shining One.
The Shining One was aware of your devotion.
You were hungry.

You visited 2 branches of the dungeon, and saw 9 of its levels.

You collected 344 gold pieces.
You spent 324 gold pieces at shops.

Inventory:

Hand Weapons
 a - a +2 dagger of venom (weapon)
 b - a +0 flail
Missiles
 g - 5 javelins (quivered)
 i - 2 throwing nets
Armour
 c - a +0 shield
 j - a scarf of resistance (worn)
 p - a +0 helmet (worn)
 q - a +0 large shield
 v - a +0 pair of boots (worn)
 w - a +0 pair of gloves (worn)
 y - a +4 scale mail of positive energy (worn)
 H - a +2 buckler of protection (worn)
Jewellery
 l - an amulet of harm (around neck)
 o - a ring of resist corrosion (right hand)
 r - an uncursed ring of fire
 B - the ring of the Lonely Ghosts (left hand) {-Tele rF- Str+3 Int+7 Dex+2}
   (You found it on level 4 of the Dungeon)

   [ring of dexterity]

   It affects your strength (+3).
   It affects your intelligence (+7).
   It affects your dexterity (+2).
   It makes you vulnerable to fire.
   It prevents most forms of teleportation.
Wands
 k - a wand of clouds (3)
 x - a wand of flame (33)
 I - a wand of iceblast (10)
Scrolls
 u - 2 scrolls of teleportation
 E - 2 scrolls of remove curse
 F - 3 scrolls of fear
Potions
 d - 2 potions of might
 e - a potion of magic
 h - 2 potions of curing {unknown}
 m - a potion of agility {unknown}
 n - 2 potions of mutation
 s - a potion of degeneration {unknown}
 z - 4 potions of haste
 A - a potion of cancellation {unknown}
 C - 2 potions of flight {unknown}
 D - a potion of heal wounds {unknown}
 G - a potion of lignification {unknown}
Comestibles
 f - 9 rations
 t - 2 chunks of flesh


   Skills:
 + Level 3.9 Fighting
 * Level 12.9 Maces & Flails
 * Level 4.4 Armour
 + Level 3.8 Shields
 * Level 2.7 Invocations
 * Level 2.1 Evocations


You had 9 spell levels left.
You didn't know any spells.
Your spell library was empty.

Dungeon Overview and Level Annotations

Branches:
Dungeon (8/15)             Temple (1/1) D:5            Lair (0/6) D:8

Altars:
Ashenzari
Dithmenos
Elyvilon
Gozag
Hepliaklqana
Nemelex Xobeh
Okawaru
Qazlal
Sif Muna
Trog
Vehumet
Wu Jian
Yredelemnul
Zin
The Shining One

Shops:
D:5 (   D:6 [   D:8 *=


Innate Abilities, Weirdness & Mutations

You are resistant to torment.
Your stone body is resilient. (AC +7)
You are immune to poison.
You resist negative energy. (rN+)
You are resistant to electric shocks. (rElec)
You can survive without breathing.
You are immune to petrification.
You are immune to rotting.


Message History

You hit the death yak but do no damage.
The death yak looks as sick as possible!
The death yak is severely wounded.
You block the death yak's attack.
You hit the death yak but do no damage.
The death yak looks as sick as possible!
The death yak is severely wounded.
The death yak barely misses you.
You hit the death yak.
The death yak looks as sick as possible!
The death yak is severely wounded.
The death yak misses you.
You hit the death yak but do no damage.
The death yak is severely wounded.
The death yak gores you.
You hit the death yak.
The death yak looks as sick as possible!
The death yak is almost dead.
The death yak gores you!!
You die...

.........# #.... .........# #....
###.##+#######################...
###.##....#.......##...##...##...
.........#.......................
†........#.......................
.).......#........#######...##...
.........#........##...##...##...
#.####...##..##.@.##.........'...
#.####...##..##.Y.##.........#..÷
.........#...+...............#.<.
.........#...#...............#...
..#########..###'########...##...
#'##..##.##..##...### #....####
.......#..(..#......# #....#
.......#...(.#......# ######
.)######.###+##...>##


You could see a death yak.

Vanquished Creatures
  Sigmund (D:3)
  2 hungry ghosts
  Duvessa (D:4)
  An orc warrior (D:7)
  2 sky beasts
  2 ice beasts (D:6)
  3 phantoms
  3 ogres
  2 centaurs
  2 big kobolds
  3 bullfrogs
  Dowan (D:4)
  A scorpion (D:7)
  5 killer bees (D:6)
  4 howler monkeys
  5 crimson imps
  A bullfrog zombie (D:5)
  2 centaur zombies (D:5)
  A jelly (D:5)
  3 orc wizards
  2 bullfrog skeletons
  4 hounds
  A gnoll shaman (D:8)
  An orc priest (D:6)
  5 worker ants
  Jessica (D:2)
  3 iguanas
  Ijyb (D:4)
  Robin (D:2)
  12 adders
  10 gnolls
  A worm (D:2)
  2 dart slugs
  4 leopard geckos
  13 orcs
  2 ball pythons (D:3)
  7 giant cockroaches
  18 hobgoblins
  8 jackals (D:2)
  15 kobolds
  A quokka (D:3)
  4 bats
  6 frilled lizards
  17 goblins
  10 rats
194 creatures vanquished.

Notes
Turn   | Place    | Note
-------+----------+-------------------------------------------
     0 | D:1      | Gadfly the Gargoyle Fighter began the quest for the Orb.
     0 | D:1      | Reached XP level 1. HP: 14/14 MP: 1/1
   191 | D:1      | Reached XP level 2. HP: 19/19 MP: 2/2
   266 | D:1      | Reached skill level 3 in Maces & Flails
   385 | D:1      | Reached XP level 3. HP: 23/23 MP: 3/3
  1436 | D:2      | Reached skill level 4 in Maces & Flails
  1754 | D:2      | Noticed a phantom
  1775 | D:2      | Killed a phantom
  1775 | D:2      | Reached skill level 5 in Maces & Flails
  1775 | D:2      | Reached XP level 4. HP: 14/28 MP: 4/4
  1775 | D:2      | Reached XP level 5. HP: 16/32 MP: 5/5
  2297 | D:2      | Noticed Jessica
  2300 | D:2      | Killed Jessica
  2453 | D:2      | Found a glowing silver altar of Zin.
  2454 | D:2      | Noticed Robin
  2568 | D:3      | Noticed Sigmund
  2584 | D:3      | Noticed a sky beast
  2592 | D:3      | Killed Sigmund
  2592 | D:3      | Reached skill level 7 in Maces & Flails
  2592 | D:3      | Reached XP level 6. HP: 19/37 MP: 6/6
  2611 | D:3      | Killed a sky beast
  2611 | D:3      | Reached XP level 7. HP: 24/41 MP: 7/7
  3250 | D:3      | Found a faded altar of an unknown god.
  3555 | D:4      | Noticed Duvessa
  3558 | D:4      | Noticed Dowan
  3578 | D:4      | Killed Duvessa
  3578 | D:4      | Reached skill level 8 in Maces & Flails
  3585 | D:4      | Killed Dowan
  3896 | D:4      | Noticed Ijyb
  3909 | D:4      | Killed Ijyb
  4000 | D:4      | Reached skill level 9 in Maces & Flails
  4000 | D:4      | Reached XP level 8. HP: 44/46 MP: 8/8
  4291 | D:4      | Got a glittering pewter ring
  4391 | D:4      | Identified the ring of the Lonely Ghosts {-Tele rF- Str+3
                  | Int+7 Dex+2} (You found it on level 4 of the Dungeon)
  4432 | D:5      | Entered Level 5 of the Dungeon
  4702 | D:5      | Found a staircase to the Ecumenical Temple.
  4711 | Temple   | Entered the Ecumenical Temple
  4735 | Temple   | Became a worshipper of the Shining One
  4936 | D:5      | Reached skill level 10 in Maces & Flails
  5726 | D:5      | Reached skill level 11 in Maces & Flails
  5786 | D:5      | Found Juntyd's Weapon Boutique.
  5924 | D:6      | Reached XP level 9. HP: 49/51 MP: 9/9
  6000 | D:6      | Reached * piety under the Shining One
  6125 | D:6      | Found an iron altar of Okawaru.
  6126 | D:6      | Found a basalt altar of Yredelemnul.
  6196 | D:6      | Found an ornate altar of the Wu Jian Council.
  6362 | D:6      | Found Riuptyos's Armour Shoppe.
  6383 | D:6      | Reached skill level 12 in Maces & Flails
  7795 | D:2      | Killed Robin
  7939 | D:6      | Reached skill level 1 in Invocations
  8132 | D:6      | Reached skill level 1 in Evocations
  8524 | D:7      | Reached XP level 10. HP: 56/56 MP: 11/11
  8739 | D:8      | Found Oneur's Jewellery Boutique.
  8868 | D:8      | Found Piabb's General Store.
  8876 | D:8      | Bought a +2 buckler of protection for 279 gold pieces
  8876 | D:8      | Bought a scroll of fear for 45 gold pieces
  8916 | D:8      | Found a white marble altar of Elyvilon.
  9047 | D:8      | Noticed a death yak
  9048 | D:8      | Noticed a death yak
  9048 | D:8      | Noticed a death yak
  9049 | D:8      | Found a staircase to the Lair.
  9049 | D:8      | Noticed a death yak
  9117 | D:7      | Slain by a death yak

Skill      XL: |  1  2  3  4  5  6  7  8  9 10 |
---------------+-------------------------------+-----
Maces & Flails | 3 5 7 9 11 12 | 12.9
Invocations    | 2 |  2.7
Evocations     | 1 2 |  2.1
Armour         | 4 |  4.4
Fighting       | |  3.9
Shields        | |  3.8

Action                   |  1- 3 |  4- 6 |  7- 9 | 10-12 || total
-------------------------+-------+-------+-------+-------++-------
Melee: Flail             |    46 |       |    10 |       ||    56
       Dagger            |    77 |    26 |   438 |    78 ||   619
       Short sword       |       |       |    25 |       ||    25
 Fire: Hunting sling     |    56 |    48 |   153 |       ||   257
  Use: Scroll            |     3 |       |    10 |       ||    13
  Eat: Chunk             |     3 |     2 |    22 |       ||    27
       Ration            |       |       |       |     1 ||     1
Armor: Scale mail        |    80 |    32 |   311 |    49 ||   472
       Chain mail        |       |       |     8 |       ||     8
Dodge: Dodged            |    37 |     9 |   165 |    31 ||   242
Block: Shield            |    92 |    24 |   262 |    33 ||   411
       Buckler           |       |       |       |     7 ||     7
